 Dungeon Crawl Stone Soup version 0.28.0-45-g0d030f2227 (webtiles) character file.

Game seed: 12686006194705729532

87 garethmagis the Shooter (level 4, 0/37 HPs)
             Began as a Minotaur Hunter on Apr 9, 2022.
             Slain by an orc priest
             ... wielding a +0 hand axe
              (5 damage)
             ... on level 4 of the Dungeon.
             The game lasted 00:04:46 (1664 turns).

garethmagis the Shooter (Minotaur Hunter)           Turns: 1664, Time: 00:04:46

Health: 0/37       AC:  4    Str: 15 (16) XL:     4   Next: 28%
Magic:  3/3        EV: 12    Int:  6 (8)  God:
Gold:   135        SH:  0    Dex: 11 (13) Spells: 3/3 levels left

rFire   + . .      SeeInvis .   b - +0 short sword
rCold   + . .      Faith    .   (no shield)
rNeg    . . .      Spirit   .   c - +0 leather armour
rPois   +          Reflect  .   (helmet restricted)
rElec   +          Harm     .   (no cloak)
rCorr   +          Rampage  .   i - +0 pair of gloves
Will    .....                   (no boots)
Stlth   +.........              (no amulet)
HPRegen 0.12/turn               (no ring)
MPRegen 0.08/turn               (no ring)

@: resistant
A: horns 2, retaliatory headbutt
a: no special abilities


You were on level 4 of the Dungeon.
You visited 1 branch of the dungeon, and saw 4 of its levels.

You collected 135 gold pieces.

Inventory:

Hand Weapons
 a - a +1 shortbow
 b - a +0 short sword (weapon)
 h - a +0 rapier
Missiles
 d - 26 arrows
Armour
 c - a +0 leather armour (worn)
 i - a +0 pair of gloves (worn)
Scrolls
 e - 2 scrolls of vulnerability {unknown}
 f - 3 scrolls of identify {unknown}


   Skills:
 + Level 2.9 Fighting
 + Level 5.9 Bows
 + Level 1.0 Armour
 + Level 2.4 Dodging
 + Level 0.8 Stealth


You had 3 spell levels left.
You didn't know any spells.
Your spell library contained the following spells:

 Spells                   Type           Power      Damage    Failure   Level
 Animate Skeleton         Necr           0%         N/A       52%         1
 Pain                     Necr           0%         1d4       52%         1
 Sandblast                Erth           0%         2d4       52%         1
 Passwall                 Tmut/Erth      0%         N/A       67%         2
 Stone Arrow              Conj/Erth      0%         3d7       88%         3
 Vampiric Draining        Necr           0%         2d6       88%         3


Dungeon Overview and Level Annotations

Branches:
Dungeon (4/15)
 Temple: D:4-7

Altars:

Shops:
D:1 *   D:2 *


Innate Abilities, Weirdness & Mutations

You have a pair of horns on your head.
You reflexively headbutt those who attack you in melee.


Message History

The orc wizard barely misses you.
You closely miss the orc wizard. You headbutt the orc wizard.
You kill the orc wizard!
The quokka bites you but does no damage.
Your Armour skill increases to level 1!
You have reached level 4!
You feel agile.
You hit the quokka.
The quokka is moderately wounded.
The quokka closely misses you.
You hit the quokka.
The quokka is severely wounded.
The quokka bites you.
You hit the quokka.
You kill the quokka!
You hit the orc priest but do no damage.
The orc priest hits you with a +0 hand axe.
The orc priest invokes the aid of Beogh against you.
Pain shoots through your body!
You hit the orc priest but do no damage.
The orc priest barely misses you. You furiously retaliate!
You headbutt the orc priest. You closely miss the orc priest.
The orc priest is heavily wounded.
The orc priest looks encouraged for a moment.
The orc priest hits you with a +0 hand axe.
* * * LOW HITPOINT WARNING * * *
You hit the orc priest.
The orc priest is severely wounded.
The orc priest misses you. You furiously retaliate!
You headbutt the orc priest, but do no damage.
It was a potion of resistance.
You feel protected.
The orc priest hits you with a +0 hand axe.
* * * LOW HITPOINT WARNING * * *
It was a potion of degeneration.
There was something very wrong with that liquid.
You feel weakened.
You feel dopey.
You feel clumsy.
The orc priest hits you with a +0 hand axe.
You die...

........ ......
..... ...#
r#####..# ..
..(((...## .#
#o..# .# #o#.##.#
#@#....# #..#.
#.#.#..##.# #>.#.
#.#.......## #....
#.#..#.###.. #.##.
#....#.# #.# #.#..
####...###.###.#..
##..........#..
#..###.##.....
#..#......###.


You could see 2 orc priests.

Vanquished Creatures
  An orc wizard (D:4)
  2 worms
  An adder skeleton (D:4)
  2 dart slugs
  2 orcs (D:4)
  5 ball pythons
  6 endoplasms
  4 giant cockroaches
  5 goblins
  A hobgoblin (D:1)
  3 quokkas
  4 bats
  3 frilled lizards (D:1)
  4 kobolds
  3 rats (D:1)
46 creatures vanquished.

Notes
Turn   | Place    | Note
-------+----------+-------------------------------------------
     0 | D:1      | garethmagis the Minotaur Hunter began the quest for the
                  | Orb.
     0 | D:1      | Reached XP level 1. HP: 18/18 MP: 0/0
   119 | D:1      | Found Seschawk's Assorted Antiques.
   171 | D:1      | Reached XP level 2. HP: 25/25 MP: 1/1
   207 | D:1      | Reached skill level 5 in Bows
   836 | D:2      | Reached XP level 3. HP: 30/30 MP: 2/2
  1176 | D:2      | Found Tieluu's Assorted Antiques.
  1310 | D:2      | You fall into a shaft and drop 2 floors!
  1656 | D:4      | Reached skill level 1 in Armour
  1656 | D:4      | Reached XP level 4. HP: 23/37 MP: 3/3
  1664 | D:4      | Slain by an orc priest

Illustrated notes

Levels and vault maps discovered:
D:1:      heliophobic_arrival_glass_houses, layout_loops_ring, serial_shops,
          shop, hangedman_abyss_or_decor_stabs
D:2:      layout_basic, serial_shops,
          nicolae_shop_temple_entry_statues_fountains
D:3:      layout_rooms, mainiacjoe_overflow_paths, serial_shops,
          nicolae_square_shop, hellmonk_ecumenical_altar_slurped_away,
          cheibrodos_gnoll_hut, uniq_robin, uniq_ijyb, uniq_crazy_yiuf_cottage
D:4:      layout_basic

Skill      XL: |  1  2  3 |
---------------+----------+-----
Bows           | 5 |  5.9
Armour         | 1 |  1.0
Fighting       | |  2.9
Dodging        | |  2.4
Stealth        | |  0.8

Action                   |  1- 3 |  4- 6 || total
-------------------------+-------+-------++-------
Melee: Short sword       |    29 |     7 ||    36
       Headbutt          |     8 |       ||     8
 Fire: Shortbow          |    87 |       ||    87
  Use: Potion            |       |     2 ||     2
 Stab: Sleeping          |     1 |       ||     1
Armor: Leather armour    |     9 |       ||     9
Dodge: Dodged            |    17 |     3 ||    20
